 Dungeon Crawl Stone Soup version 0.26.1-2-gb8aa6d0 (webtiles) character file.

Game seed: 3793817769694446525

34616 AmazingTV the Fighter (level 13, -4/178 HPs)
             Began as a Minotaur Berserker on June 6, 2021.
             Was an Elder of Trog.
             Slain by a death yak (18 damage)
             ... on level 5 of the Lair of Beasts on June 7, 2021.
             The game lasted 02:43:00 (17836 turns).

AmazingTV the Fighter (Minotaur Berserker)         Turns: 17836, Time: 02:43:01

Health: -4/178     AC: 12    Str: 26    XL:     13   Next: 43%
Magic:  12/12      EV: 15    Int:  6    God:    Trog [****..]
Gold:   1027       SH:  5    Dex: 12    Spells: 12/12 levels left

rFire    . . .     SeeInvis .   a - +5 war axe
rCold    . . .     Faith    .   (no shield)
rNeg     + . .     Spirit   .   B - +2 leather armour {rPois}
rPois    +         Reflect  +   d - +2 hat {Will+}
rElec    .         Harm     .   D - +1 cloak
rCorr    .         Rampage  .   F - +0 pair of gloves
Will     ++...                  (no boots)
Stlth    ..........             S - amulet of Pride {Reflect Str+3 SH+5}
HPRegen  0.39/turn              t - ring of willpower
MPRegen  0.13/turn              s - ring of positive energy

@: berserking, very quick
A: retaliatory headbutt, horns 2
a: Renounce Religion, Berserk, Trog's Hand, Brothers in Arms


You were on level 5 of the Lair of Beasts.
You worshipped Trog.
Trog was greatly pleased with you.
You visited 2 branches of the dungeon, and saw 16 of its levels.

You collected 1027 gold pieces.

Inventory:

Hand Weapons
 a - a +5 war axe (weapon)
 b - a +0 hunting sling
 g - the +11 dagger of Disintegration {antimagic, Will+ Dex+3}
   (You found it on level 1 of the Lair of Beasts)

   It reduces the magical energy of the wielder, and disrupts the spells and
   magical abilities of those hit.
   Natural abilities and divine invocations are not affected.
   It affects your dexterity (+3).
   It affects your willpower, your defense against some magical effects.
 m - a +2 battleaxe
 p - a +0 hand crossbow
 w - a +1 war axe of flaming
 E - a +2 trident of flaming
 I - a +0 mace of protection
 J - a +4 spear
 K - a +3 halberd of freezing
 T - a +2 battleaxe of electrocution
 U - a +0 hand axe of venom
 V - a +0 shortbow
Missiles
 c - a throwing net (quivered)
 j - 469 stones
 k - 5 javelins
 L - 108 bolts
 M - 188 arrows
 N - 33 sling bullets
Armour
 d - a +2 hat of willpower (worn)
 q - a +0 troll leather armour
 B - a +2 leather armour of poison resistance (worn)
 D - a +1 cloak (worn)
 F - a +0 pair of gloves (worn)
 R - a +0 plate armour
 Z - a +0 tower shield
Jewellery
 s - a ring of positive energy (right hand)
 t - a ring of willpower (left hand)
 A - an uncursed ring of resist corrosion
 S - the amulet of Pride (around neck) {Reflect Str+3 SH+5}
   (You took it off a centaur on level 7 of the Dungeon)

   [amulet of reflection]

   It shields you and reflects attacks.
   It affects your strength (+3).
   It affects your SH (+5).
Wands
 o - a wand of iceblast (22)
 y - a wand of flame (36)
 H - a wand of paralysis (13)
 P - a wand of digging (7)
 W - a wand of disintegration (16)
 X - a wand of acid (21)
Scrolls
 e - 3 scrolls of teleportation
 h - 5 scrolls of remove curse
 l - 6 scrolls of identify
 n - a scroll of enchant armour
 r - 3 scrolls of fog
 C - 2 scrolls of magic mapping
 Y - a scroll of fear
Potions
 f - 2 potions of curing
 v - 2 potions of flight
 z - 4 potions of haste
Miscellaneous
 u - a lightning rod (4/4)
 G - a lightning rod (4/4)
 Q - a lightning rod (4/4)


   Skills:
 + Level 12.7 Fighting
 - Level 4.5(5.0) Short Blades
 - Level 3.6(4.9) Long Blades
 + Level 9.1(12.1) Axes
 * Level 9.6(11.5) Maces & Flails
 + Level 9.3(11.3) Polearms
 - Level 5.2(10.0) Staves
 + Level 4.7(6.1) Slings
 - Level 5.3(6.1) Throwing
 * Level 9.5 Armour
 + Level 7.2 Dodging
 * Level 4.3 Stealth
 * Level 6.6 Shields
 * Level 3.1 Evocations


You had 12 spell levels left.
You didn't know any spells.
Your spell library contained the following spells:

 Spells                   Type           Power        Failure   Level
 Animate Skeleton         Necr           0%           50%         1
 Freeze                   Ice            0%           50%         1
 Pain                     Necr           0%           50%         1
 Ensorcelled Hibernation  Hex/Ice        0%           63%         2
 Poisonous Vapours        Pois/Air       0%           63%         2
 Frozen Ramparts          Ice            0%           86%         3
 Ozocubu's Armour         Ice            0%           86%         3
 Spider Form              Tmut/Pois      0%           86%         3
 Summon Guardian Golem    Hex/Summ       0%           86%         3
 Vampiric Draining        Necr           0%           86%         3
 Animate Dead             Necr           0%           99%         4
 Fulminant Prism          Conj/Hex       0%           99%         4
 Hailstorm                Conj/Ice       0%           99%         4
 Summon Ice Beast         Ice/Summ       0%           99%         4
 Agony                    Necr           0%           100%        5
 Borgnjor's Vile Clutch   Necr/Erth      0%           100%        5
 Irradiate                Conj/Tmut      0%           100%        5
 Yara's Violent Unravell  Hex/Tmut       0%           100%        5
 Death Channel            Necr           0%           100%        6
 Hydra Form               Tmut           0%           100%        6
 Simulacrum               Ice/Necr       0%           100%        6
 Statue Form              Tmut/Erth      0%           100%        6
 Dragon Form              Tmut           0%           100%        7
 Malign Gateway           Summ/Tloc      0%           100%        7
 Orb of Destruction       Conj           0%           100%        7
 Summon Hydra             Summ           0%           100%        7


Dungeon Overview and Level Annotations

Branches:
Dungeon (10/15)            Temple (0/1) D:5            Lair (6/6) D:9
  Swamp (0/4) Lair:4       Spider (0/4) Lair:3
  Slime: Lair:5-6       Orc: D:9-12

Altars:
Okawaru
Qazlal

Annotations:
Lair:3 SpiderNestUpperCentre


Innate Abilities, Weirdness & Mutations

You reflexively headbutt those who attack you in melee.
You have a pair of horns on your head.


Message History

You kill the death yak!
Trog accepts your kill.
You hit the death yak. You slash the death yak! The death yak misses you.
You slash the death yak!
The death yak is moderately wounded.
You hit the death yak. The death yak gores you!!
* * * LOW HITPOINT WARNING * * *
You slash the death yak!
The death yak is moderately wounded.
You barely miss the death yak. The death yak completely misses you.
You slice the death yak!!
You headbutt the death yak, but do no damage.
The death yak is severely wounded.
You slash the death yak! The death yak misses you. The death yak gores you!!
* * * LOW HITPOINT WARNING * * *
Unknown command.
You hit the death yak.
The death yak is severely wounded.
You hit the death yak. The death yak gores you!!
You die...

##......P# ##...........†..
#......P## #..........#.†##
#P......# ##........##..## #
##......# #...........#..# ##
#.......# ###.(.>.........## .##
#......#####...............#
..###.........##...............#
.....#.........>.Y.............##
..............÷.@Y...........##.#
..................#..........####
...............###.........###
..###...........###.......#.# #.#
#...........###.....P.### ###
#...........#........## #
#P............#.....#.#
##..................###
#.....#..#..........#


You could see 2 death yaks.

Vanquished Creatures
  Gastronok (Lair:3)
  5 hydras
  2 two-headed ogres (D:10)
  2 death yaks
  Urug (D:10)
  An unseen horror (D:10)
  A bog body (Lair:4)
  An orb spider (Lair:3)
  A cyclops (D:10)
  2 oklob plants (Lair:2)
  Joseph (D:8)
  11 cane toads
  A torpor snail (Lair:4)
  5 rime drakes
  A gargoyle (D:10)
  11 komodo dragons
  2 trolls
  A slime creature (D:7)
  16 blink frogs
  26 yaks
  3 wyverns
  2 basilisks
  Grum (D:10)
  A swamp worm (Lair:4)
  2 wargs (D:9)
  2 water moccasins
  7 orc warriors
  An ice beast (D:10)
  5 black bears
  4 ogres
  3 phantoms
  12 wolves
  4 centaurs
  A big kobold (D:9)
  14 bullfrogs
  2 wyvern skeletons
  5 scorpions
  11 killer bees
  10 wights
  A howler monkey (D:9)
  An electric eel (Lair:4)
  A crimson imp (D:9)
  3 bullfrog zombies
  5 jellies
  5 orc priests
  2 bullfrog skeletons
  A centaur skeleton (D:6)
  3 hounds
  A quasit (D:8)
  13 orc wizards
  3 iguanas
  9 worker ants
  A killer bee zombie (D:4)
  A worker ant zombie (D:10)
  14 adders
  2 shadow imps
  3 white imps
  5 ufetubi
  An ooze (D:4)
  3 worms
  2 dart slugs (D:1)
  7 leopard geckos
  37 orcs
  3 giant cockroaches
  7 goblins
  6 hobgoblins
  10 jackals
  14 kobolds
  3 quokkas
  3 bats
  4 frilled lizards
  A jackal zombie (D:6)
  A leopard gecko zombie (D:8)
  8 rats
366 creatures vanquished.

Vanquished Creatures (others)
  A bush (Lair:4)
  17 fungi
  16 plants
34 creatures vanquished.

Grand Total: 400 creatures vanquished

Notes
Turn   | Place    | Note
-------+----------+-------------------------------------------
     0 | D:1      | AmazingTV the Minotaur Berserker began the quest for the
                  | Orb.
     0 | D:1      | Reached XP level 1. HP: 19/19 MP: 0/0
    89 | D:1      | Reached skill level 4 in Fighting
   234 | D:1      | Reached XP level 2. HP: 27/27 MP: 1/1
   338 | D:1      | You fall into a shaft and drop 1 floor!
   342 | D:2      | Found a stormy altar of Qazlal.
   416 | D:2      | Reached skill level 1 in Slings
   416 | D:2      | Reached skill level 1 in Throwing
   416 | D:2      | Reached XP level 3. HP: 34/34 MP: 2/2
   481 | D:2      | Reached XP level 4. HP: 29/41 MP: 3/3
   488 | D:2      | Reached ** piety under Trog
  2545 | D:3      | Found an iron altar of Okawaru.
  2550 | D:3      | Reached XP level 5. HP: 47/47 MP: 4/4
  2554 | D:3      | Reached *** piety under Trog
  2936 | D:3      | Reached skill level 5 in Fighting
  3253 | D:4      | Reached skill level 1 in Polearms
  3625 | D:4      | Reached XP level 6. HP: 51/56 MP: 5/5
  3761 | D:5      | Entered Level 5 of the Dungeon
  3769 | D:5      | Reached skill level 5 in Maces & Flails
  3808 | D:5      | Found a staircase to the Ecumenical Temple.
  3822 | D:5      | Found the amulet of the Four Winds {rN+ Will+++ Clar}
  3822 | D:5      | You fall into a shaft and drop 1 floor!
  3906 | D:6      | Reached XP level 7. HP: 51/61 MP: 6/6
  4266 | D:6      | Reached skill level 6 in Fighting
  4506 | D:6      | Reached XP level 8. HP: 65/71 MP: 7/7
  4798 | D:6      | Reached skill level 1 in Axes
  5218 | D:7      | Reached skill level 7 in Fighting
  5224 | D:7      | Noticed a troll
  5237 | D:7      | Killed a troll
  5238 | D:7      | Reached skill level 5 in Armour
  5240 | D:7      | HP: 5/109 [acid (5)]
  5664 | D:7      | Noticed a komodo dragon
  5667 | D:7      | Reached skill level 8 in Fighting
  5667 | D:7      | Reached XP level 9. HP: 75/81 MP: 8/8
  5668 | D:7      | Reached skill level 5 in Polearms
  5678 | D:7      | Killed a komodo dragon
  5868 | D:7      | Identified Huibb's Handbook of Intoxication and Curses
  5900 | D:7      | Identified the amulet of Pride {Reflect Str+3 SH+5}
  6009 | D:7      | Identified the Guide on Summoning
  6497 | D:8      | Reached skill level 9 in Fighting
  6706 | D:8      | Noticed Joseph
  6716 | D:8      | Killed Joseph
  6717 | D:8      | Reached XP level 10. HP: 77/91 MP: 9/9
  7210 | D:8      | Reached skill level 1 in Shields
  7552 | D:9      | Reached **** piety under Trog
  7658 | D:9      | Reached skill level 5 in Axes
  7791 | D:9      | HP: 6/136 [orc warrior/+0 glaive (5)]
  8321 | D:9      | Found a staircase to the Lair.
  8331 | D:9      | Reached skill level 5 in Dodging
  9259 | D:9      | Reached skill level 10 in Fighting
  9493 | D:10     | Entered Level 10 of the Dungeon
  9544 | D:10     | Killed an unseen horror
  9971 | D:10     | Noticed a two-headed ogre
  9972 | D:10     | Noticed a two-headed ogre
  9975 | D:10     | Noticed a gargoyle
  9982 | D:10     | Killed a two-headed ogre
  9983 | D:10     | Reached XP level 11. HP: 101/101 MP: 10/10
  9989 | D:10     | Killed a two-headed ogre
 10546 | D:10     | Noticed Grum
 10555 | D:10     | Reached skill level 5 in Throwing
 10562 | D:10     | Killed Grum
 10694 | D:10     | Noticed Urug
 10716 | D:10     | Killed Urug
 11123 | Lair:1   | Entered Level 1 of the Lair of Beasts
 11208 | Lair:1   | Reached skill level 1 in Staves
 11671 | Lair:1   | Reached skill level 11 in Fighting
 11988 | Lair:1   | Got an encrusted dagger
 11989 | Lair:1   | Identified the +11 dagger of Disintegration {antimagic,
                  | Will+ Dex+3} (You found it on level 1 of the Lair of
                  | Beasts)
 12112 | Lair:2   | Reached skill level 1 in Short Blades
 12405 | Lair:2   | Reached skill level 1 in Stealth
 12662 | Lair:2   | Reached XP level 12. HP: 92/110 MP: 11/11
 13218 | Lair:2   | Identified The Intricacies of the Arcane Arts
 13532 | Lair:3   | Reached skill level 5 in Staves
 13565 | Lair:3   | Noticed a four-headed hydra
 13714 | Lair:3   | Killed a one-headed hydra
 13874 | Lair:3   | Noticed an eight-headed hydra
 13879 | Lair:3   | Killed a six-headed hydra
 13880 | Lair:3   | Reached skill level 1 in Long Blades
 13882 | Lair:3   | Reached skill level 5 in Shields
 13882 | Lair:3   | Reached skill level 1 in Evocations
 14080 | Lair:3   | Noticed Gastronok
 14100 | Lair:3   | Killed Gastronok
 14101 | Lair:3   | Reached skill level 12 in Fighting
 14346 | Lair:3   | Found a hole to the Spider Nest.
 15075 | Lair:4   | Found a staircase to the Swamp.
 15466 | Lair:4   | Reached XP level 13. HP: 65/119 MP: 12/12
 17575 | Lair:6   | Entered Level 6 of the Lair of Beasts
 17836 | Lair:5   | Slain by a death yak

Illustrated notes

Levels and vault maps discovered:
D:1:      lordsloth_arrival_two_stooges, layout_basic,
          chequers_decorated_corner, minmay_tetromino_l2
D:2:      layout_loops_cross, grunt_qazlal_clouds, serial_bayou_pond_e
D:3:      layout_loops_cross, okawaru_gym_becter
D:4:      layout_basic
D:5:      layout_rooms, minmay_temple_entry_proselytizer
D:6:      layout_basic
D:7:      minmay_the_grid_four_pointed_star
          [minmay_the_grid_triangle_9x9_longest,
          minmay_the_grid_triangle_9x9_negative_grid,
          minmay_the_grid_triangle_9x9_empty,
          minmay_the_grid_triangle_9x9_from_above,
          minmay_the_grid_prize_four_corners_diamond_a], layout_gridville,
          item_on_display_a
D:8:      layout_loops_ring, uniq_joseph
D:9:      layout_grid_maze, erik_lair_orcish_takeover, minmay_fire_ice_demons
D:10:     layout_roguey, kennysheep_kite_vault, uniq_grum, uniq_urug
Lair:1:   layout_hall_layers, grunt_megastairs_3
Lair:2:   layout_concentric_octagons, beast_lair_carwin_1,
          minmay_lair_oklob_chamber
Lair:3:   layout_loops_ring, nicolae_spider_entry_orb_guardian, uniq_gastronok
Lair:4:   layout_misc_corridors, nicolae_swamp_entry_splash_gauntlet,
          minivault_11, infiniplex_staircase_pool_2
Lair:5:   layout_hall_layers, beast_lair_carwin_9
Lair:6:   minmay_lair_end_frog_pond, layout_cave_pods, slime_altar_2

Skill      XL: |  1  2  3  4  5  6  7  8  9 10 11 12 13 |
---------------+----------------------------------------+-----
Fighting       | 4 5 6 8 9 10 11 12 | 12.7
Maces & Flails | 4 5 6 7 8 9 |  9.6
Slings         | 1 2 3 4 |  4.7
Throwing       | 1 2 3 4 5 |  5.3
Armour         | 3 4 5 6 7 8 9 |  9.5
Polearms       | 1 2 3 4 6 7 8 9 |  9.3
Dodging        | 3 4 5 6 7 |  7.2
Axes           | 1 4 6 8 9 |  9.1
Shields        | 3 4 6 |  6.6
Staves         | 3 5 |  5.2
Short Blades   | 2 4 |  4.5
Stealth        | 1 3 4 |  4.3
Long Blades    | 3 |  3.6
Evocations     | 2 3 |  3.1

Action                   |  1- 3 |  4- 6 |  7- 9 | 10-12 | 13-15 || total
-------------------------+-------+-------+-------+-------+-------++-------
Melee: Mace              |    30 |   135 |   120 |   130 |       ||   415
       Headbutt          |     3 |    22 |    50 |    88 |    24 ||   187
       War axe           |       |       |    11 |    92 |    83 ||   186
       Halberd           |       |       |    72 |   139 |    10 ||   221
       Battleaxe         |       |       |    31 |    58 |       ||    89
       Spear             |       |       |       |    17 |       ||    17
       Dagger            |       |       |       |    49 |       ||    49
 Fire: Hunting sling     |       |    99 |    41 |    91 |    27 ||   258
Throw: Dart              |    26 |     9 |    16 |    73 |    17 ||   141
       Stone             |       |     5 |    10 |       |       ||    15
       Javelin           |       |       |       |    28 |     7 ||    35
       Throwing net      |       |       |       |     2 |       ||     2
Invok: Berserk           |     1 |       |     3 |    13 |     4 ||    21
       Trog's Hand       |       |     2 |    12 |    19 |     6 ||    39
Evoke: Wand              |       |       |     1 |     7 |     2 ||    10
  Use: Scroll            |       |     1 |     4 |    13 |     4 ||    22
       Potion            |       |       |       |     7 |     1 ||     8
 Stab: Sleeping          |       |       |       |     1 |       ||     1
Armor: Animal skin       |     2 |     4 |       |       |       ||     6
       Leather armour    |       |    29 |    43 |   102 |    26 ||   200
       Ring mail         |       |     3 |     9 |       |       ||    12
       Troll leather arm |       |       |    26 |       |       ||    26
Dodge: Dodged            |    17 |    90 |   146 |   293 |    53 ||   599
Block: Other             |       |       |    12 |    91 |    19 ||   122
       Reflection        |       |       |       |     4 |       ||     4
